 Dungeon Sprint DCSS version 0.29-a0-337-g68df138881 (webtiles) character file.

Game seed: 9646997396817285964

2077 mhtbhm the Spear-Bearer (level 9, -9/138 HPs)
             Began as a Purple Draconian Berserker on Apr 16, 2022.
             Was an Elder of Trog.
             Mangled by an 11-headed hydra (10 damage)
             ... in the Dungeon (Sprint IX: "|||||||||||||||||||||||||||||").
             The game lasted 00:01:03 (470 turns).

mhtbhm the Spear-Bearer (Purple Draconian Berserker) Turns: 470, Time: 00:01:04

Health: -9/138     AC: 18    Str: 26    XL:     9   Next: 6%
Magic:  9/9        EV: 15    Int:  8    God:    Trog [****..]
Gold:   0          SH:  0    Dex: 11    Spells: 8/8 levels left

rFire   . . .      SeeInvis .   a - +2 halberd (protect)
rCold   . . .      Faith    .   (shield currently unavailable)
rNeg    . . .      Spirit   .   (body armour unavailable)
rPois   .          Reflect  .   (helmet restricted)
rElec   .          Harm     .   k - +0 cloak
rCorr   .          Rampage  .   j - +0 pair of gloves
Will    +....      NoTele   +   (no boots)
Stlth   ..........              (no amulet)
HPRegen 0.33/turn               l - +2 ring of protection
MPRegen 0.11/turn               m - +3 ring of strength

@: berserking, under a protective aura, very quick
A: breathe power, AC +7, unfitting armour, cold-blooded
a: Breathe Dispelling Energy, Renounce Religion, Berserk, Trog's Hand, Brothers
in Arms


You were in the Dungeon.
You worshipped Trog.
Trog was greatly pleased with you.
You visited 1 branch

Inventory:

Hand Weapons
 a - a +2 halberd of protection (weapon)
Missiles
 n - 4 poisoned darts (quivered)
Armour
 j - a +0 pair of gloves (worn)
 k - a +0 cloak (worn)
Jewellery
 l - a +2 ring of protection (left hand)
 m - a +3 ring of strength (right hand)
Wands
 i - a wand of iceblast (9)
Scrolls
 g - a scroll of blinking
Potions
 b - 5 potions of curing
 c - 3 potions of heal wounds
 d - a potion of haste
 e - 4 potions of magic
 f - a potion of berserk rage
 h - a potion of invisibility


   Skills:
 + Level 12.8 Fighting
 + Level 14.0 Polearms
 + Level 9.8 Dodging


You had 8 spell levels left.
You didn't know any spells.
Your spell library was empty.

Dungeon Overview and Level Annotations

Branches:
Dungeon (1/1)

Altars:
Cheibriados
Dithmenos
Elyvilon
Fedhas
Gozag
Hepliaklqana
Kikubaaqudgha
Makhleb
Nemelex Xobeh
Okawaru
Qazlal
Ru
Sif Muna
Trog
Uskayaw
Vehumet
Wu Jian
Xom
Yredelemnul
Zin
The Shining One
Beogh
Jiyva
Lugonu


Innate Abilities, Weirdness & Mutations

You can breathe bolts of dispelling energy.
Your rich purple scales are hard. (AC +7)
You cannot fit into any form of body armour.
You are cold-blooded and may be slowed by cold attacks.


Message History

Unknown command.
You lop one of the nine-headed hydra's heads off!
The eight-headed hydra grows two more!
You slash the ten-headed hydra!
The ten-headed hydra is almost dead.
The ten-headed hydra bites you!
The ten-headed hydra bites you but does no damage.
The ten-headed hydra bites you!
* * * LOW HITPOINT WARNING * * *
The ten-headed hydra bites you!
* * * LOW HITPOINT WARNING * * *
The ten-headed hydra completely misses you.
The ten-headed hydra bites you.
* * * LOW HITPOINT WARNING * * *
The ten-headed hydra closely misses you.
The ten-headed hydra bites you.
* * * LOW HITPOINT WARNING * * *
The ten-headed hydra bites you.
* * * LOW HITPOINT WARNING * * *
The ten-headed hydra misses you.
Unknown command.
Unknown command.
Press: ? - help, v - describe, . - travel
Here: a ten-headed hydra (almost dead)
An open door to the Dungeon, spattered with blood.
Unknown command.
You barely miss the ten-headed hydra.
The ten-headed hydra is almost dead.
You chop one of the ten-headed hydra's heads off!
The nine-headed hydra grows two more!
You hit the 11-headed hydra.
The 11-headed hydra is severely wounded.
The 11-headed hydra misses you.
The 11-headed hydra bites you but does no damage. x2
The 11-headed hydra misses you. The 11-headed hydra closely misses you.
The 11-headed hydra bites you but does no damage.
The 11-headed hydra bites you.
* * * LOW HITPOINT WARNING * * *
The 11-headed hydra bites you!
* * * LOW HITPOINT WARNING * * *
The 11-headed hydra bites you!
You die... ▓▓▓▓▓▓▓▓▓▓▓▓▓▓▓▓▓▓▓▓▓▓▓▓▓▓▓▓▓▓▓ _______'.?)...[.@DW3uKl.†W.K.l4 ▓▓▓▓▓▓▓▓▓▓▓▓▓▓▓▓▓▓▓▓▓▓▓▓▓▓▓▓▓▓▓

You could see a 11-headed hydra, a white ugly thing, a kobold demonologist, a sixfirhy (summoned), a basilisk and a wraith.

Vanquished Creatures
  A hydra (D)
  A two-headed ogre (D)
  2 yaks (D)
  2 steam dragons (D)
  A kobold brigand (D)
  3 phantoms (D)
  A jelly (D)
  A gnoll (D)
  2 dart slugs (D)
  A hobgoblin (D)
  A kobold (D)
  A bat (D)
17 creatures vanquished.

Notes
Turn   | Place    | Note
-------+----------+-------------------------------------------
     0 | D        | mhtbhm the Draconian Berserker began the quest for the Orb.
     0 | D        | Reached XP level 1. HP: 19/19 MP: 1/1
    12 | D        | Reached ** piety under Trog
    13 | D        | Reached skill level 4 in Polearms
    13 | D        | Reached XP level 2. HP: 21/27 MP: 2/2
   142 | D        | Noticed a phantom
   142 | D        | Noticed a phantom
   142 | D        | Noticed a phantom
   149 | D        | Killed a phantom
   150 | D        | Reached skill level 6 in Polearms
   150 | D        | Reached skill level 5 in Dodging
   150 | D        | Reached XP level 3. HP: 37/37 MP: 3/3
   150 | D        | Reached XP level 4. HP: 44/44 MP: 4/4
   151 | D        | Reached *** piety under Trog
   159 | D        | Killed a phantom
   160 | D        | Reached skill level 7 in Polearms
   160 | D        | Reached XP level 5. HP: 53/53 MP: 5/5
   166 | D        | Killed a phantom
   167 | D        | Reached skill level 8 in Polearms
   167 | D        | Reached XP level 6. HP: 37/62 MP: 6/6
   172 | D        | Found a snail-covered altar of Cheibriados.
   172 | D        | Found a shadowy altar of Dithmenos.
   172 | D        | Found a white marble altar of Elyvilon.
   172 | D        | Found a blossoming altar of Fedhas.
   172 | D        | Found an opulent altar of Gozag.
   173 | D        | Found a hazy altar of Hepliaklqana.
   174 | D        | Found a viscous altar of Jiyva.
   175 | D        | Found an ancient bone altar of Kikubaaqudgha.
   176 | D        | Found a corrupted altar of Lugonu.
   177 | D        | Found a burning altar of Makhleb.
   178 | D        | Found a sparkling altar of Nemelex Xobeh.
   179 | D        | Found an iron altar of Okawaru.
   180 | D        | Found a stormy altar of Qazlal.
   181 | D        | Found a sacrificial altar of Ru.
   182 | D        | Found a shimmering blue altar of Sif Muna.
   183 | D        | Found a bloodstained altar of Trog.
   184 | D        | Found a hide-covered altar of Uskayaw.
   185 | D        | Found a radiant altar of Vehumet.
   186 | D        | Found an ornate altar of the Wu Jian Council.
   187 | D        | Found a shimmering altar of Xom.
   188 | D        | Found a basalt altar of Yredelemnul.
   189 | D        | Found a glowing silver altar of Zin.
   190 | D        | Found a glowing golden altar of the Shining One.
   277 | D        | Noticed a steam dragon
   277 | D        | Noticed a two-headed ogre
   277 | D        | Noticed a steam dragon
   277 | D        | Noticed a yak
   277 | D        | Noticed a yak
   281 | D        | Killed a steam dragon
   281 | D        | Reached **** piety under Trog
   282 | D        | Reached skill level 9 in Polearms
   286 | D        | Killed a two-headed ogre
   287 | D        | Reached skill level 11 in Polearms
   287 | D        | Your scales start taking on a rich purple colour.
   287 | D        | Reached XP level 7. HP: 74/74 MP: 7/7
   288 | D        | Killed a steam dragon
   289 | D        | Reached skill level 12 in Polearms
   289 | D        | Reached XP level 8. HP: 82/82 MP: 8/8
   301 | D        | Reached skill level 13 in Polearms
   396 | D        | Noticed a four-headed hydra
   396 | D        | Noticed a six-headed hydra
   396 | D        | Noticed a white ugly thing
   396 | D        | Noticed a kobold demonologist
   404 | D        | Noticed a red devil
   404 | D        | Killed a ten-headed hydra
   404 | D        | Reached ***** piety under Trog
   405 | D        | Reached skill level 14 in Polearms
   405 | D        | Reached XP level 9. HP: 49/92 MP: 9/9
   463 | D        | Noticed a sixfirhy
   470 | D        | HP: 1/138 [11-headed hydra (8)]
   470 | D        | Mangled by an 11-headed hydra

Illustrated notes

Levels and vault maps discovered:
D:        linesprint [early_d, line_temple, items_1, d_10, items_2, lair_1,
          lair_end, items_3, orc_1, orc_end, items_4, d_15, swamp_1, shoals_1,
          snake_1, spider_1, d_20, vaults_1, items_5, swamp_end, shoals_end,
          snake_end, spider_end, vaults_end, d_27, items_6, zot_1, zot_end,
          crypt_end, forest_end, elf_end, slime_end, tomb_end, abyss_end,
          pan_hell_end]

Skill      XL: |  1  2  3  4  5  6  7  8 |
---------------+-------------------------+-----
Dodging        | 3 5 6 8 9 |  9.8
Fighting       | 4 6 7 8 11 12 | 12.8
Polearms       | 4 6 7 8 11 12 14 | 14.0

Action                   |  1- 3 |  4- 6 |  7- 9 || total
-------------------------+-------+-------+-------++-------
Melee: Spear             |    21 |    16 |       ||    37
       Tailslap          |     4 |       |     5 ||     9
       Punch             |       |     1 |       ||     1
       Halberd           |       |     8 |    28 ||    36
Invok: Berserk           |     1 |     1 |     2 ||     4
       Brothers in Arms  |       |       |     1 ||     1
Evoke: Wand              |       |       |     1 ||     1
  Use: Scroll            |       |       |     1 ||     1
Armor: Skin              |     1 |     5 |    19 ||    25
Dodge: Dodged            |     4 |     5 |    23 ||    32

Table legend: (Time is in decaauts)
 A = Elapsed time spent in this place.
 B = Non-inter-level travel time spent in this place.
 C = Inter-level travel time spent in this place.
 D = Time resting spent in this place.
 E = Time spent auto-exploring this place.
 F = Levels seen in this place.
 G = Mean time per level.
                   A        B        C        D        E       F      G
               +--------+--------+--------+--------+--------+-----+--------+
         Total |    480 |    480 |      0 |    322 |      3 |   1 |  480.0 |
       Dungeon |    480 |    480 |      0 |    322 |      3 |   1 |  480.0 |
               +--------+--------+--------+--------+--------+-----+--------+

Top non-repeatable levels by time:
       D: 480 daAuts
